Map: Triton LE

Players

MaSa - Winner!

  • Race: Terran Terran
  • Spawn Location: 5:00

Stephano

  • Race: Zerg Zerg
  • Spawn Location: 11:00

VOD

Have the link to the VOD?

Description

Time

  • Played on: Sept. 7, 2019, 2:57 p.m.
  • Length: 10:16
Show
View Real Time Build Order
Export as new Build Order

MaSa Terran - Winner!

Build Orders: Reaper Expand, Hellion Banshee 

Get SALT Encoding   

  12  0:00  SCV  
  13  0:12  SCV  
  14  0:17  Supply Depot  
  14  0:24  SCV  
  15  0:38  SCV  
  15  0:39  Barracks  
  16  0:44  Refinery  
  16  0:50  SCV  
  17  1:02  SCV  
  18  1:14  SCV  
  19  1:26  Orbital Command  
  19  1:27  Reaper  
  20  1:38  Command Center  
  20  1:49  Supply Depot  
  20  1:52  SCV  
  21  1:59  Marine  
  22  2:11  SCV  
  22  2:13  Factory  
  23  2:21  Barracks Reactor  
  23  2:23  SCV  
  24  2:35  SCV  
  25  2:40  Command Center  
  25  2:47  SCV, Refinery  
  26  2:52  Orbital Command  
  26  3:01  SCV  
  26  3:04  Starport  
  27  3:12  Hellion  
  29  3:13  SCV  
  29  3:17  Hellion  
  29  3:18  Marine  
  33  3:23  SCV  
  33  3:25  SCV  
  35  3:35  SCV  
  35  3:36  Hellion  
  35  3:37  SCV  
  35  3:38  Hellion  
  41  3:42  Viking  
  41  3:47  SCV  
  41  3:48  Barracks Tech Lab  
  44  3:51  SCV  
  44  3:53  Orbital Command  
  45  3:59  SCV  
  45  4:01  Hellion  
  48  4:03  SCV  
  48  4:05  Hellion  
  51  4:11  SCV  
  51  4:15  SCV  
  48  4:22  SCV  
  48  4:23  SCV  
  52  4:24  Hellion  
  52  4:26  Hellion, Banshee  
  52  4:27  Cloaking Field  
  52  4:28  SCV  
  58  4:33  Supply Depot  
  58  4:35  SCV  
  58  4:37  SCV  
  58  4:38  Supply Depot  
  60  4:39  Refinery  
  60  4:41  SCV  
  60  4:43  Refinery  
  61  4:50  Factory  
  61  4:52  Barracks Tech Lab  
  61  4:55  SCV x3  
  61  4:56  Factory  
  61  4:58  Supply Depot  
  64  5:01  Supply Depot  
  64  5:07  SCV  
  64  5:09  SCV, Banshee  
  64  5:13  SCV  
  70  5:14  Hellion  
  70  5:15  Hellion  
  70  5:19  SCV, Barracks Tech Lab  
  75  5:24  Armory  
  75  5:25  Supply Depot  
  75  5:26  Armory  
  75  5:27  SCV  
  77  5:29  Orbital Command  
  77  5:31  SCV  
  77  5:38  Hellion  
  77  5:39  SCV  
  77  5:40  Refinery  
  77  5:41  Refinery  
  80  5:43  SCV  
  81  5:51  SCV  
  81  5:52  Banshee  
  81  5:54  Hyperflight Rotors  
  81  5:55  SCV  
  81  5:56  Hellion  
  88  5:57  SCV  
  88  6:03  SCV  
  88  6:04  Cyclone, Hellion  
  95  6:09  Cyclone  
  95  6:10  SCV  
  95  6:11  SCV  
  100  6:16  Supply Depot  
  100  6:19  SCV  
  100  6:24  Supply Depot  
  101  6:27  Supply Depot  
  101  6:34  Terran Vehicle And Ship Armor Level 1, Terran Vehicle Weapons Level 1  
  101  6:37  Hellion x2, SCV, Banshee  
  109  6:42  Mag-Field Accelerator, Infernal Pre-Igniter  
  109  6:45  SCV x2  
  109  6:46  Hellion  
  113  6:49  SCV  
  113  6:50  Supply Depot  
  113  6:53  Supply Depot  
  114  6:55  Cyclone  
  114  6:56  Supply Depot  
  114  6:57  SCV x2  
  114  7:01  SCV, Hellion  
  122  7:09  SCV x2  
  122  7:15  Cyclone, Hellion  
  129  7:20  Banshee  
  129  7:22  SCV  
  117  7:23  SCV x2  
  117  7:25  Hellion  
  117  7:26  Command Center  
  117  7:27  Cyclone  
  124  7:35  Command Center  
  124  7:36  SCV  
  125  7:40  Barracks Reactor  
  125  7:41  Factory  
  125  7:42  Hellion  
  125  7:43  Factory  
  127  7:45  SCV x2  
  127  7:50  Hellion, Cyclone, Supply Depot  
  134  7:58  Supply Depot x2  
  134  7:59  Cyclone  
  134  8:03  Banshee  
  140  8:08  Hellion  
  140  8:11  Supply Depot  
  140  8:12  SCV x3, Supply Depot  
  145  8:16  Engineering Bay  
  145  8:21  Supply Depot  
  145  8:30  Factory Tech Lab, Hellion x2  
  145  8:31  Factory Reactor  
  149  8:38  Command Center, Hellion, Cyclone  
  154  8:42  Fusion Core  
  154  8:45  Banshee  
  156  8:51  SCV  
  156  8:53  SCV  
  156  8:54  Refinery  
  156  8:55  Hellion x3  
  164  8:58  Refinery  
  164  9:04  Cyclone  
  169  9:10  Hellion x2  
  169  9:12  Cyclone  
  174  9:29  Banshee  
  174  9:42  Cyclone, Hellion x2  
  180  9:46  SCV  
  180  9:47  SCV x2  
  180  9:48  Hellion  
  186  10:12  Factory x2, Starport  
  188  10:14  Command Center, Factory  
Show
View Real Time Build Order
Export as new Build Order

Stephano Zerg 

Build Orders: Hatch First 

Get SALT Encoding   

  12  0:00  Drone  
  13  0:12  Overlord  
  13  0:16  Drone  
  14  0:30  Drone x2  
  16  0:48  Hatchery  
  15  0:50  Drone  
  15  0:54  Drone  
  17  0:57  Drone  
  18  1:09  Extractor  
  17  1:12  Spawning Pool  
  17  1:15  Drone  
  17  1:19  Drone  
  18  1:27  Drone  
  19  1:38  Drone  
  20  1:50  Drone  
  21  2:00  Queen x2  
  25  2:11  Drone x2  
  25  2:12  Overlord  
  27  2:23  Hatchery  
  27  2:27  Spore Crawler  
  25  2:32  Drone  
  25  2:34  Spore Crawler  
  25  2:36  Drone, Extractor  
  25  2:41  Queen  
  29  2:44  Metabolic Boost  
  30  2:52  Overlord  
  30  2:53  Drone  
  30  2:56  Drone  
  32  2:58  Drone  
  32  3:00  Zergling x4  
  32  3:05  Drone  
  37  3:12  Drone  
  37  3:13  Drone x3  
  37  3:19  Queen  
  42  3:23  Overlord  
  42  3:28  Drone x2  
  44  3:36  Queen, Drone x3  
  49  3:43  Drone  
  49  3:44  Queen  
  49  3:47  Zergling x2  
  53  3:49  Overlord  
  53  3:52  Zergling x2  
  53  3:53  Drone  
  53  3:54  Drone  
  56  3:57  Overlord  
  56  3:59  Drone  
  56  4:01  Overlord  
  57  4:06  Zergling x2  
  57  4:07  Overlord  
  58  4:10  Drone  
  58  4:15  Drone x4  
  62  4:18  Overlord  
  62  4:21  Drone  
  62  4:22  Drone x2  
  65  4:30  Evolution Chamber x2  
  63  4:31  Spore Crawler  
  63  4:32  Spore Crawler  
  63  4:34  Spore Crawler  
  57  4:40  Zergling x8  
  57  4:43  Drone x2  
  57  4:44  Drone  
  64  4:50  Queen  
  64  4:51  Queen  
  68  4:54  Drone x2  
  68  4:58  Zerg Ground Armor Level 1  
  70  5:02  Zerg Melee Weapons Level 1  
  70  5:05  Zergling x8  
  74  5:09  Drone x3  
  74  5:13  Overlord  
  76  5:17  Drone x2  
  76  5:19  Lair  
  76  5:20  Drone  
  79  5:22  Extractor  
  79  5:23  Extractor  
  79  5:24  Drone x3  
  80  5:29  Baneling Nest  
  80  5:35  Zergling x10  
  81  5:49  Zergling x2  
  81  5:50  Overlord x2  
  81  5:55  Overlord  
  81  6:02  Overlord  
  81  6:05  Spine Crawler  
  81  6:06  Overlord  
  81  6:07  Zergling x2  
  81  6:08  Overlord, Queen x2  
  85  6:13  Baneling x4  
  85  6:14  Baneling x2  
  85  6:17  Zergling x4  
  85  6:18  Zergling x18  
  95  6:32  Drone x5  
  93  6:39  Overseer  
  93  6:41  Overlord  
  93  6:43  Queen x2  
  97  6:47  Zergling x18  
  97  6:53  Overlord  
  103  6:54  Drone x2  
  103  7:02  Overlord  
  103  7:08  Hatchery  
  98  7:10  Zergling x10  
  100  7:19  Drone x3  
  91  7:37  Extractor  
  91  7:38  Centrifical Hooks, Extractor  
  91  7:39  Zerg Melee Weapons Level 2  
  91  7:40  Zerg Missile Weapons Level 1  
  91  7:41  Zergling x20  
  91  7:42  Overseer  
  99  7:53  Nydus Network  
  99  7:55  Drone x6  
  104  8:02  Baneling  
  104  8:03  Baneling x3  
  104  8:08  Drone x7  
  111  8:13  Overseer  
  111  8:15  Overseer  
  111  8:22  Drone x3  
  111  8:23  Drone  
  111  8:25  Drone x3  
  111  8:26  Drone  
  119  8:33  Drone x7  
  126  8:39  Baneling x4  
  126  8:40  Baneling x3  
  126  8:42  Drone x4  
  126  8:44  Queen  
  126  8:46  Spore Crawler  
  131  8:48  Spore Crawler  
  131  8:53  Zergling x12  
  136  9:01  Pneumatized Carapace  
  136  9:06  Zergling x10  
  141  9:10  Nydus Canal  
  141  9:13  Hatchery  
  141  9:15  Baneling x6  
  139  9:17  Zergling x12  
  145  9:24  Nydus Canal  
  145  9:25  Queen  
  147  9:37  Spore Crawler  
  144  9:39  Nydus Canal  
  144  9:43  Zergling x2  
  144  9:44  Zergling x28  
  140  9:53  Nydus Canal  
  137  10:13  Hatchery  
Tags
 
Add a new tag
Caveats
  • Supply blocks, unpowered buildings, or Contaminate may cause inaccurate times.
  • Supply counts are checked every 10 seconds.